Map: Bridgehead LE (Void)

Players

Turaziel

  • Race: Zerg Zerg
  • League: Grandmaster

SticklerMac - Winner!

  • Race: Terran Terran
  • League: Bronze

VOD

Have the link to the VOD?

Description

Time

  • Played on: Aug. 3, 2015, 2:13 a.m.
  • Length: 18:41
Show
View Real Time Build Order
Export as new Build Order

Turaziel Zerg 

Build Orders: Pool First, Lurkers 

Get SALT Encoding   

  12  0:08  Drone  
  12  0:09  Drone  
  14  0:18  Overlord  
  14  0:43  Drone x2  
  14  0:44  Drone  
  14  0:49  Spawning Pool  
  16  0:55  Drone  
  17  1:07  Drone  
  18  1:18  Drone  
  19  1:24  Hatchery  
  18  1:27  Drone  
  19  1:39  Drone, Extractor  
  19  1:44  Queen  
  21  1:51  Drone  
  21  1:52  Roach Warren  
  21  2:00  Drone  
  22  2:02  Extractor  
  21  2:11  Drone  
  22  2:20  Overlord  
  22  2:31  Overlord  
  22  2:39  Roach  
  24  2:45  Roach  
  24  2:48  Roach  
  28  2:55  Roach x2  
  28  2:56  Roach  
  28  2:57  Drone  
  35  3:01  Drone  
  36  3:08  Drone  
  36  3:10  Roach  
  39  3:18  Drone  
  40  3:26  Drone, Roach  
  43  3:27  Overlord  
  43  3:29  Drone  
  44  3:42  Overlord  
  44  3:43  Overlord  
  44  3:44  Overlord  
  44  3:54  Baneling Nest, Roach  
  44  3:55  Roach  
  47  3:56  Roach  
  47  3:58  Drone  
  47  4:02  Drone, Extractor  
  50  4:10  Drone x2  
  50  4:12  Drone  
  50  4:15  Drone  
  54  4:17  Drone  
  54  4:20  Drone  
  56  4:26  Roach  
  56  4:30  Roach  
  60  4:46  Drone x2  
  60  4:47  Overlord  
  60  4:49  Roach x2  
  60  4:50  Roach  
  68  4:57  Overlord, Drone  
  68  4:58  Drone  
  70  5:03  Queen  
  72  5:14  Overlord  
  72  5:17  Lair  
  72  5:32  Spore Crawler  
  72  5:34  Spore Crawler  
  70  5:41  Queen  
  72  5:46  Overlord, Drone  
  72  5:47  Drone x4  
  77  5:52  Extractor  
  77  5:54  Drone x2  
  78  5:59  Drone  
  78  6:01  Drone x2  
  78  6:02  Drone  
  82  6:16  Queen  
  84  6:19  Queen  
  84  6:20  Hydralisk Den  
  85  6:28  Evolution Chamber  
  85  6:31  Drone x8  
  92  6:43  Lurker Den  
  92  6:45  Roach x2  
  96  6:53  Hydralisk  
  98  6:54  Hydralisk  
  98  6:58  Hatchery  
  99  7:05  Hydralisk  
  99  7:06  Hydralisk x2  
  105  7:10  Hydralisk  
  105  7:14  Overlord  
  107  7:15  Overlord  
  107  7:40  Hydralisk x4  
  107  7:41  Hydralisk x4  
  123  7:58  Overlord x2  
  123  7:59  Overlord x3  
  123  8:09  Evolution Chamber  
  123  8:11  Zerg Ground Armor Level 1  
  122  8:23  Hydralisk x6  
  134  8:32  Drone x3  
  138  8:34  Drone  
  138  8:39  Lurker  
  138  8:40  Lurker  
  140  8:42  Lurker  
  140  8:43  Lurker  
  140  8:44  Lurker x2, Extractor x2  
  142  8:56  Zerg Missile Weapons Level 1  
  142  8:57  Spire  
  142  9:00  Queen  
  143  9:08  Overseer  
  143  9:38  Infestation Pit  
  143  9:40  Zergling x20  
  143  9:41  Zergling x14  
  159  9:49  Centrifical Hooks  
  159  10:15  Hive  
  159  10:16  Corruptor  
  159  10:17  Corruptor  
  159  10:18  Corruptor  
  159  10:19  Corruptor  
  159  10:20  Corruptor  
  169  10:30  Overseer  
  169  10:33  Hatchery  
  169  10:57  Drone x2  
  169  10:58  Overlord  
  169  10:59  Overlord x8  
  169  11:01  Extractor  
  169  11:19  Zerg Ground Armor Level 2, Zerg Missile Weapons Level 2  
  169  11:31  Overseer  
  169  11:36  Overlord, Drone  
  169  11:37  Drone x4  
  174  11:40  Drone  
  174  11:41  Drone  
  176  12:02  Hatchery  
  176  12:03  Extractor  
  176  12:05  Extractor  
  173  12:13  Baneling  
  173  12:14  Baneling x20  
  173  12:15  Extractor, Baneling x13  
  173  12:21  Muscular Augments  
  172  12:23  Greater Spire  
  172  13:10  Ultralisk Cavern  
  171  13:17  Drone x3  
  171  13:18  Viper x3  
  183  13:25  Corruptor  
  185  13:33  Extractor  
  184  13:35  Hatchery  
  184  13:36  Extractor  
  182  14:06  Brood Lord  
  182  14:07  Brood Lord x5  
  194  14:23  Chitinous Plating  
  194  14:32  Burrow  
  194  14:35  Hatchery, Extractor  
  192  14:38  Extractor  
  98  15:07  Zergling x2  
  98  15:08  Zergling x42  
  110  15:34  Hydralisk x4  
  110  15:35  Hydralisk  
  104  15:52  Baneling x9  
  104  15:53  Baneling x7  
  104  15:54  Baneling  
  104  15:55  Baneling  
  104  16:03  Roach  
  86  16:23  Roach  
  86  16:24  Roach x8  
  83  16:33  Roach  
  83  16:34  Roach x3  
  78  16:50  Roach x2  
  78  16:51  Roach x2  
  79  17:00  Roach x2  
  73  17:03  Mutalisk  
  67  17:12  Mutalisk  
  67  17:15  Mutalisk  
  64  17:22  Mutalisk  
  58  17:33  Mutalisk  
  58  17:34  Mutalisk  
  62  17:46  Mutalisk  
  62  17:48  Mutalisk  
  66  17:54  Hydralisk  
  68  18:06  Mutalisk x2  
  68  18:07  Mutalisk  
  74  18:13  Drone x2  
Show
View Real Time Build Order
Export as new Build Order

SticklerMac Terran - Winner!

Build Orders: MMM Bio 

Get SALT Encoding   

  12  0:00  SCV  
  13  0:13  SCV  
  14  0:20  Supply Depot  
  14  0:25  SCV  
  15  0:42  SCV  
  16  0:45  Supply Depot  
  16  0:49  Barracks  
  16  0:54  SCV  
  17  1:03  Refinery  
  17  1:10  Barracks  
  17  1:11  SCV  
  18  1:24  SCV  
  19  1:30  Barracks  
  19  1:36  SCV  
  19  1:38  Marine  
  21  1:49  SCV  
  22  1:56  Marine  
  22  1:58  Barracks  
  22  2:00  Marine  
  24  2:12  SCV  
  24  2:14  Marine  
  26  2:24  Barracks Tech Lab  
  26  2:26  Marine  
  27  2:33  SCV  
  27  2:34  Marine  
  27  2:36  Supply Depot  
  30  2:45  Stimpack  
  30  2:46  Marine  
  30  2:50  Supply Depot, Marine  
  31  2:58  Marauder, Marine  
  35  3:07  Barracks Reactor  
  35  3:08  SCV, Marine  
  38  3:20  Marauder  
  38  3:22  Marine  
  39  3:28  Supply Depot  
  39  3:31  Refinery  
  39  3:34  Barracks Reactor  
  39  3:39  SCV  
  39  3:40  Marine  
  43  3:41  Marauder  
  43  3:53  Marine x2  
  45  3:58  Marine  
  45  4:01  Supply Depot  
  45  4:02  Marauder  
  48  4:11  Marine x2  
  48  4:16  Marine  
  51  4:18  Factory  
  51  4:21  Marine  
  52  4:28  Marauder  
  54  4:36  Orbital Command  
  54  4:48  Combat Shields  
  54  4:52  Marauder  
  56  4:53  Marine  
  56  4:56  Marine  
  58  5:12  Starport  
  58  5:18  Marine x2  
  60  5:24  Marine  
  60  5:26  Marauder  
  63  5:30  Supply Depot  
  63  5:51  Marine x2, Widow Mine  
  63  5:52  Supply Depot  
  63  5:53  Marauder  
  63  5:54  Marine  
  70  6:14  Marauder  
  72  6:20  Barracks Tech Lab  
  72  6:22  Command Center  
  72  6:25  Medivac  
  74  6:31  Medivac  
  76  6:51  SCV  
  77  6:55  Medivac  
  79  7:07  Concussive Shells  
  79  7:19  SCV, Supply Depot, Medivac  
  79  7:20  Marauder x2  
  86  7:34  Medivac  
  88  7:47  SCV  
  89  7:52  Marauder  
  89  7:53  Marauder  
  89  7:56  Medivac  
  95  7:59  SCV  
  95  8:04  Supply Depot  
  96  8:08  Medivac  
  98  8:14  Marauder  
  101  8:26  Marauder  
  102  8:29  Medivac  
  104  8:35  Marauder, Marine  
  107  8:41  Orbital Command  
  107  8:47  Supply Depot  
  109  8:48  Marauder  
  109  8:52  Medivac  
  111  8:57  Marauder  
  111  8:59  Marine  
  114  9:04  Engineering Bay  
  114  9:10  Engineering Bay  
  114  9:16  Supply Depot  
  114  9:17  Marauder, Marine  
  114  9:21  Marauder  
  119  9:30  Terran Infantry Weapons Level 1  
  119  9:39  Terran Infantry Armor Level 1, Refinery  
  119  9:44  Marauder  
  121  9:48  Marauder  
  121  9:50  Supply Depot  
  123  10:06  Medivac  
  125  10:12  Supply Depot  
  125  10:15  Refinery  
  125  10:16  Marauder  
  125  10:17  Marauder  
  125  10:19  Marine  
  130  10:32  Armory  
  130  10:40  Marauder x2  
  130  10:42  Medivac  
  136  10:53  Factory Tech Lab  
  136  10:58  Medivac  
  136  11:01  Marauder  
  136  11:02  Marauder  
  142  11:22  Marauder  
  142  11:23  Marauder  
  146  11:27  Terran Infantry Weapons Level 2  
  146  11:37  Terran Infantry Armor Level 2  
  146  11:44  Marauder  
  148  11:53  Marauder  
  150  12:01  Marine  
  150  12:02  Supply Depot  
  150  12:04  Supply Depot  
  150  12:05  Marauder  
  153  12:09  Supply Depot  
  153  12:14  Marauder  
  155  12:19  Marine  
  156  12:27  Marauder  
  158  12:30  Medivac  
  158  12:31  Medivac  
  162  12:44  Marauder  
  164  12:48  Marauder  
  166  13:09  Marauder  
  166  13:11  Medivac  
  170  13:28  Marauder  
  170  13:30  Medivac  
  170  13:31  Marauder  
  176  13:41  Medivac  
  178  13:49  Terran Infantry Weapons Level 3  
  178  14:10  Orbital Command  
  178  14:15  Marauder  
  182  14:17  Marauder  
  182  14:18  Terran Infantry Armor Level 3  
  173  14:59  Marauder  
  129  15:44  Marauder  
  129  15:45  Raven  
  133  16:03  Barracks  
  133  16:04  Barracks  
  133  16:05  Barracks  
  91  16:43  Marine x3  
  91  16:44  Marine x2  
  94  17:01  Marine x4  
  77  17:02  Marine  
  80  17:17  Barracks Reactor  
  80  17:19  Barracks Reactor, Marine x5  
  85  17:36  Marine  
  85  17:37  Marine x4  
  88  17:54  Marine x3  
  88  17:55  Marine x2  
  93  17:59  Marine x4  
  97  18:12  Marine x3  
  98  18:13  Marine x2  
  98  18:16  Marine  
  98  18:17  Marine x3  
  105  18:29  Barracks Tech Lab  
Tags
 
Add a new tag
Caveats
  • Supply blocks, unpowered buildings, or Contaminate may cause inaccurate times.
  • Supply counts are checked every 10 seconds.